 Dungeon Crawl Stone Soup version 0.31-a0-1603-gbec6b6ccbf (webtiles) character file.

Game seed: 7183660767778484630

11328 demibob the Basher (level 11, 20/75 HPs)
             Began as a Demonspawn Chaos Knight on Jan 7, 2024.
             Was a Plaything of Xom.
             Quit the game on level 2 of the Lair of Beasts.
             The game lasted 00:19:37 (10648 turns).

demibob the Basher (Demonspawn Chaos Knight)       Turns: 10648, Time: 00:19:37

Health: 20/75      AC: 15    Str: 12    XL:     11   Next: 47%
Magic:  11/11      EV:  9    Int: 17    God:    Xom [*.....]
Gold:   445        SH:  4    Dex: 15    Spells: 10/10 levels left

rFire   + . .        b - staff of death {!a}
rCold   + . .        (no shield)
rNeg    + . .        z - +3 scale mail {rC+}
rPois   .            f - +1 helmet
rElec   .            (no cloak)
rCorr   .            (no gloves)
SInv    .            h - +0 pair of boots
Will    .....        (no amulet) Stlth
                     F - ring of protection from fire
HPRegen 0.32/turn    L - ring of flight
MPRegen 0.12/turn

%: no passive effects
@: flying
A: demonic guardian 2, big brain 1, condensation shield, demonic touch 2, talons
1
a: Renounce Religion


You were on level 2 of the Lair of Beasts.
You worshipped Xom.
You were a special plaything of Xom.
You visited 2 branches of the dungeon, and saw 11 of its levels.
You also visited: Sewer.

You collected 489 gold pieces.
You spent 44 gold pieces at shops.


Innate Abilities, Weirdness & Mutations

A demonic guardian rushes to your aid.
You have an unusually large brain. (Int +2)
A meltable shield of frost defends you. (SH +4)
Your touch may inflict irresistible damage on your foes.
You have sharp toenails.


   Skills:
 - Level 3.0 Fighting
 - Level 3.9 Long Blades
 - Level 11.8 Maces & Flails
 + Level 1.4(7.6) Staves
 - Level 8.7 Armour
 - Level 0.8 Dodging
 + Level 1.8 Necromancy
 - Level 8.3 Evocations


You had 10 spell levels left.
You didn't know any spells.
Your spell library contained the following spells:

 Spells                   Type           Power      Damage    Failure   Level
 Foxfire                  Conj/Fire      0%         2x1d4     67%         1
 Freeze                   Ice            0%         1d3       67%         1
 Blink                    Tloc           0%         N/A       80%         2
 Lesser Beckoning         Tloc           0%         N/A       80%         2
 Momentum Strike          Conj/Tloc      0%         3d8       80%         2
 Static Discharge         Conj/Air       0%         3-3/arc   80%         2
 Frozen Ramparts          Ice            0%         1d1       95%         3
 Hailstorm                Conj/Ice       0%         3d5       95%         3
 Airstrike                Air            0%         2d(0-16)  100%        4
 Summon Lightning Spire   Summ/Air       0%         N/A       100%        4
 Plasma Beam              Fire/Air       0%         2x1d10    100%        6
 Starburst                Conj/Fire      0%         6d3       100%        6

Inventory:

Hand Weapons
 a - the +5 flail "Omemuthi" {elec, *Corrode rPois rC+}
   (You found it on level 2 of the Dungeon)

   rC+:       It protects you from cold.
   rPois:     It protects you from poison *Corrode: It may corrode you when you
   take damage.
 e - a +1 falchion of flaming
 H - a +3 eveningstar of venom
Missiles
 l - a throwing net {=f}
Armour
 f - a +1 helmet (worn)
 h - a +0 pair of boots (worn)
 z - a +3 scale mail of cold resistance (worn)
 G - +0 steam dragon scales
Magical Staves
 b - a staff of death (weapon) {!a}
Jewellery
 F - a ring of protection from fire (left hand)
 L - a ring of flight (right hand)
 R - a ring of resist corrosion
Wands
 c - a wand of flame (10)
 w - a wand of polymorph (4)
 B - a wand of charming (13)
Scrolls
 i - 3 scrolls of revelation
 j - 3 scrolls of vulnerability
 o - 2 scrolls of amnesia
 q - 3 scrolls of teleportation {@r2}
 r - a scroll of brand weapon
 x - a scroll of fear
 y - a scroll of blinking
 A - 2 scrolls of noise
 C - 2 scrolls of enchant weapon
 D - a scroll of fog
Potions
 d - 2 potions of enlightenment
 g - a potion of ambrosia
 k - 2 potions of resistance
 m - a potion of curing {@q1}
 n - a potion of lignification {unknown}
 p - 4 potions of magic
 t - a potion of berserk rage {!q}
 u - 3 potions of invisibility
 v - a potion of cancellation
 E - a potion of brilliance {unknown}

Dungeon Overview and Level Annotations

Branches:
Dungeon (9/15)             Temple (0/1) D:5            Lair (2/5) D:9
 Shoals (0/4) Lair:2        Snake (0/4) Lair:2          Orc (0/2) D:9
  Sewer (visited)

Altars:
Gozag
Kikubaaqudgha
Makhleb
Trog
Wu Jian
Xom

Shops:
D:6 ?

Annotations:
D:4 1 runed translucent door, Azoth's ghost, amateur TrSh
D:5 2 transporters, greenbean's ghost, weakling MiMo
D:6 3 runed translucent doors, Azoth's ghost, novice OpSh; anacleto's ghost, novice TrGl; pokeman's ghost, novice DEHW; voltaire321's ghost, amateur DsEE

**,*,,,,,,,,,,,,,,,* *,,,*...*.
*,,*,,,**.....,,,.#* *,,**#..,.
*,,,,,,,*,....*##.# *#l,,,#....
**,*,,****#...##..###F#,**#.P..
****,,,*,,* #......F..FS,,,YY....
*~*,,*,,,,* #..#...#YY##,,,,..Y..
~~~*,*,~*,***#.....?.l.#,,,*###.#
~~~~~~~~,,,*##.........#**,* ***
~~~~~~~~~,**#...@......#*,**
~~*****~~~**##........$##**
~**,,,**~~~**#$.........##
~*,,,,,*~~*#............P# #
~*,,>,,+,,,#..?......ยง..## #
~*,,,,,*~~.Y.Y....:......# #
~**,,,**~~.#............P# #
~~*****~~Y..Y.....#.#.#[## #
~~~~~~~~~,,.##..#..####..* #


You could see 2 elephants, a komodo dragon, a black mamba, 4 yaks, a cane toad
and 2 blink frogs.


Message History

A komodo dragon comes into view.
The blink frog blinks!
You hear a loud, deep croak!
You hear a bellow! x2
A yak comes into view.
The yak bellows!
You hear a croak.
A blink frog comes into view.
A yak comes into view.
The blink frog blinks! x2; The blink frog moves out of view.
Okay, then.
A yak comes into view.
The yak bellows!
The cane toad croaks.
A blink frog comes into view.
The blink frog blinks!
As you read the scroll of fear, it crumbles to dust.
You assume a fearsome visage.
The komodo dragon looks frightened!
The yak looks frightened! x4; The blink frog looks frightened! x3
The cane toad looks frightened!
The elephant looks frightened!
The blink frog blinks! x4
A komodo dragon comes into view.
An elephant comes into view.
The elephant trumpets!
You hear a bellow!
The blink frog blinks!
A yak comes into view.
A blink frog comes into view.
The blink frog blinks! x2
Cornered, the komodo dragon turns to fight!
The yak bellows!
The blink frog gives a loud, deep croak!
Cornered, the cane toad turns to fight!
The blink frog blinks!
A black mamba comes into view.
You see here a ring of fire.
Are you sure you want to abandon this character and quit the game? (Confirm with "yes".)

Skill      XL: |  1  2  3  4  5  6  7  8  9 10 11 |
---------------+----------------------------------+-----
Long Blades    | 3 |  3.9
Maces & Flails | 1 3 5 8 9 10 11 | 11.8
Armour         | 4 6 8 |  8.7
Evocations     | 2 5 7 8 |  8.3
Staves         | 1 |  1.4
Necromancy     | 1 |  1.8
Fighting       | |  3.0
Dodging        | |  0.8

Action                     |  1- 3 |  4- 6 |  7- 9 | 10-12 || total
---------------------------+-------+-------+-------+-------++-------
  Melee: Falchion          |    48 |       |       |       ||    48
         Touch             |     7 |    14 |    55 |    36 ||   112
         Flail             |    25 |   133 |   256 |   221 ||   635
         Punch             |       |     1 |       |     3 ||     4
         Staff             |       |       |       |    18 ||    18
  Evoke: Wand              |       |       |     4 |    10 ||    14
    Use: Scroll            |     5 |     9 |    12 |     8 ||    34
         Potion            |       |     2 |     3 |     7 ||    12
   Stab: Paralysed         |       |       |       |     4 ||     4
         Distracted        |       |       |       |     1 ||     1
 Armour: Leather armour    |    43 |    99 |    45 |       ||   187
         Scale mail        |       |       |   152 |   292 ||   444
  Dodge: Dodged            |    43 |    96 |   112 |   137 ||   388
  Block: Other             |       |       |       |    13 ||    13

Levels and vault maps discovered:
D:1:      eino_arrival_druids_welcome, layout_basic,
          ebering_ecumenical_altar_petrified
D:2:      layout_rooms, basic_altar, grunt_ministairs_7, uniq_robin
D:3:      layout_loops_ring, mainiacjoe_overflow_boulevard
D:4:      layout_cave_pools, gammafunk_ghost_grave,
          cheibrodos_sewer_entry_sluice, uniq_sigmund
D:5:      layout_gridville, kennysheep_mini, minmay_temple_entry_glass,
          gammafunk_ghost_mausoleum, minmay_misc_feat_four_crosses, uniq_ijyb
D:6:      layout_loops_ring, grunt_gozag_breadcrumbs, serial_shops,
          nicolae_shop_trees, gammafunk_ghost_cemetery
D:7:      layout_basic, nzn_wu_jian_contemplation,
          hangedman_abyss_or_decor_stagger, ebering_dispersal_statue_hall
D:8:      layout_basic, grunt_decor_one_mirror, serial_bayou_lake_a
D:9:      layout_irregular_city, minmay_lair_entry_grove, orc_0_dummy,
          chequers_serial_rivers_micro_c
Lair:1:   layout_chaotic_city
Lair:2:   layout_loops_ring, minmay_shoals_entry_hut,
          guppyfry_snake_entry_island, uniq_urug

Notes
Turn   | Place    | Note
-------+----------+-------------------------------------------
     0 | D:1      | demibob the Demonspawn Chaos Knight began the quest for the
                  | Orb.
     0 | D:1      | Reached XP level 1. HP: 18/18 MP: 1/1
    34 | D:1      | Reached skill level 3 in Long Blades
    89 | D:1      | Gained mutation: Your touch may inflict minor irresistible
                  | damage on your foes. [demonic ancestry]
    89 | D:1      | Reached XP level 2. HP: 24/24 MP: 2/2
   250 | D:1      | XOM: silly message
   409 | D:1      | Gained mutation: You have an unusually large brain. (Int
                  | +2) [demonic ancestry]
   409 | D:1      | Reached XP level 3. HP: 25/29 MP: 3/3
   426 | D:1      | Found a faded altar of an unknown god.
   501 | D:1      | XOM: silly message
   689 | D:2      | Identified the +5 flail "Omemuthi" {elec, *Corrode rPois
                  | rC+}
   693 | D:2      | Noticed Robin
   700 | D:2      | Killed Robin
   701 | D:2      | Reached skill level 1 in Maces & Flails
   880 | D:2      | Reached XP level 4. HP: 31/35 MP: 4/4
   906 | D:2      | Reached skill level 2 in Maces & Flails
   997 | D:2      | Found a bloodstained altar of Trog.
  1078 | D:2      | XOM: silly message
  1093 | D:2      | Reached skill level 3 in Maces & Flails
  1251 | D:2      | Reached XP level 5. HP: 41/41 MP: 5/5
  1338 | D:3      | Found a burning altar of Makhleb.
  1361 | D:3      | XOM: potion effect (attraction)
  1448 | D:3      | XOM: 1-stop teleportation journey
  1465 | D:3      | XOM: divination: detect items
  1997 | D:3      | Identified a potion of resistance
  2012 | D:4      | Noticed Sigmund
  2020 | D:4      | XOM: potion effect (might)
  2023 | D:4      | Killed Sigmund
  2024 | D:4      | Reached skill level 5 in Maces & Flails
  2024 | D:4      | Gained mutation: A weak demonic guardian rushes to your
                  | aid. [demonic ancestry]
  2024 | D:4      | Reached XP level 6. HP: 14/47 MP: 6/6
  2258 | D:4      | Found a glowing drain.
  2276 | Sewer    | Entered a sewer
  2349 | Sewer    | XOM: noise
  2400 | Sewer    | XOM: divination: detect creatures
  2435 | Sewer    | Reached XP level 7. HP: 52/52 MP: 7/7
  2441 | Sewer    | Reached skill level 6 in Maces & Flails
  2465 | Sewer    | XOM: noise
  2503 | Sewer    | XOM: noise
  2641 | D:4      | XOM: silly message
  2656 | D:4      | Found a runed translucent door.
  2661 | D:4      | Reached skill level 7 in Maces & Flails
  2680 | D:4      | Noticed Azoth's ghost (amateur TrSh)
  2978 | D:4      | XOM: chaos cloud
  3016 | D:5      | Entered Level 5 of the Dungeon
  3016 | D:5      | Noticed greenbean's ghost (weakling MiMo)
  3016 | D:5      | Found a transporter.
  3107 | D:5      | XOM: summons 3 hostile demons
  3108 | D:5      | Noticed a rust devil
  3155 | D:5      | Found a staircase to the Ecumenical Temple.
  3180 | D:5      | Reached skill level 8 in Maces & Flails
  3180 | D:5      | Reached XP level 8. HP: 39/58 MP: 8/8
  3255 | D:5      | XOM is BORED!
  3255 | D:5      | XOM: noise
  3326 | D:5      | Noticed Ijyb
  3334 | D:5      | Killed Ijyb
  3346 | D:5      | XOM: polymorph butterfly -> ball python
  3398 | D:5      | Reached skill level 2 in Armour
  3478 | D:5      | Found a transporter.
  3505 | D:5      | Found an ancient bone altar of Kikubaaqudgha.
  3512 | D:5      | XOM: give mutation
  3512 | D:5      | Gained mutation: Potions are less effective at restoring
                  | your health. [Xom's mischief]
  3534 | D:5      | XOM: noise
  3840 | D:6      | Reached skill level 3 in Armour
  4097 | D:6      | Reached skill level 9 in Maces & Flails
  4103 | D:6      | Found an opulent altar of Gozag.
  4245 | D:6      | Found a runed translucent gate.
  4245 | D:6      | Found a runed translucent gate.
  4245 | D:6      | Found a runed translucent gate.
  4245 | D:6      | Noticed anacleto's ghost (novice TrGl)
  4245 | D:6      | Noticed pokeman's ghost (novice DEHW)
  4246 | D:6      | Noticed Azoth's ghost (novice OpSh)
  4246 | D:6      | Noticed voltaire321's ghost (amateur DsEE)
  4316 | D:6      | XOM: summons 5 hostile demons
  4396 | D:6      | Reached skill level 4 in Armour
  4454 | D:6      | XOM: torment (30/58 hp)
  4551 | D:6      | XOM: torment (30/58 hp)
  4696 | D:6      | Found Miur's Magic Scroll Shop.
  4705 | D:6      | Bought a scroll of identify for 22 gold pieces
  4705 | D:6      | Bought a scroll of identify for 22 gold pieces
  4801 | D:7      | XOM: potion effect (attraction)
  4806 | D:7      | Reached skill level 1 in Evocations
  4911 | D:7      | Reached skill level 2 in Evocations
  4911 | D:7      | Gained mutation: Your touch may inflict irresistible damage
                  | on your foes. [demonic ancestry]
  4911 | D:7      | Reached XP level 9. HP: 43/63 MP: 9/9
  5067 | D:7      | XOM: scenery: create altars
  5155 | D:7      | Lost mutation: Potions are less effective at restoring your
                  | health. [potion of mutation]
  5155 | D:7      | Gained mutation: You have sharp toenails. [potion of
                  | mutation]
  5271 | D:7      | XOM: confuse monster(s)
  5448 | D:7      | XOM: enchant monster (good)
  5487 | D:7      | Reached skill level 5 in Armour
  5487 | D:7      | Reached skill level 3 in Evocations
  6019 | D:7      | Found an ornate altar of the Wu Jian Council.
  6263 | D:7      | XOM: cloud trail
  6429 | D:8      | XOM: divine lightning
  6769 | D:8      | Noticed a troll
  6777 | D:8      | Killed a troll
  6778 | D:8      | Reached skill level 4 in Evocations
  6883 | D:8      | XOM is BORED!
  6883 | D:8      | XOM: noise
  6936 | D:8      | Reached skill level 10 in Maces & Flails
  6937 | D:8      | XOM: smoke on damage
  7061 | D:8      | Reached skill level 6 in Armour
  7097 | D:8      | XOM: confuse monster(s)
  7293 | D:8      | XOM: chaos cloud
  7305 | D:8      | XOM: 1-stop teleportation journey
  7309 | D:8      | Reached skill level 5 in Evocations
  7505 | D:8      | XOM: noise
  7639 | D:8      | Gained mutation: A demonic guardian rushes to your aid.
                  | [demonic ancestry]
  7639 | D:8      | Reached XP level 10. HP: 70/70 MP: 10/10
  7644 | D:8      | XOM: noise
  7873 | D:8      | XOM: silly message
  8172 | D:9      | XOM: divination: magic mapping
  8257 | D:9      | XOM: noise
  8259 | D:9      | XOM: 3-stop teleportation journey
  8408 | D:9      | Found a staircase to the Orcish Mines.
  8476 | D:9      | Reached skill level 6 in Evocations
  8503 | D:9      | Reached skill level 7 in Armour
  8738 | D:9      | Found a staircase to the Lair.
  8748 | Lair:1   | Entered Level 1 of the Lair of Beasts
  8748 | Lair:1   | Noticed a cane toad
  8748 | Lair:1   | XOM: swap monsters
  8755 | Lair:1   | Killed a cane toad
  8844 | Lair:1   | Noticed a black mamba
  8849 | Lair:1   | XOM: silly message
  8850 | Lair:1   | XOM: enchant monster (bad)
  8856 | Lair:1   | XOM: silly message
  8863 | Lair:1   | Killed a black mamba
  8875 | Lair:1   | Reached skill level 11 in Maces & Flails
  9081 | Lair:1   | Reached skill level 7 in Evocations
  9089 | Lair:1   | XOM: silly message
  9169 | Lair:1   | XOM: silly message
  9399 | Lair:1   | XOM: smoke on damage
  9401 | Lair:1   | Noticed a cane toad
  9401 | Lair:1   | XOM: 4-stop teleportation journey
  9402 | Lair:1   | Reached skill level 8 in Armour
  9402 | Lair:1   | Gained mutation: A meltable shield of frost defends you.
                  | (SH +4) [demonic ancestry]
  9402 | Lair:1   | Reached XP level 11. HP: 67/75 MP: 11/11
  9767 | Lair:1   | XOM: draining
  9768 | Lair:1   | XOM: blink monster(s)
  9978 | Lair:1   | You are sucked into a shaft and drop 1 floor!
 10176 | Lair:2   | Noticed Urug
 10182 | Lair:2   | Killed Urug
 10198 | Lair:2   | XOM is BORED!
 10198 | Lair:2   | XOM: polymorph hellwing -> cerulean imp
 10269 | Lair:2   | Reached skill level 8 in Evocations
 10357 | Lair:2   | XOM: destruction
 10616 | Lair:2   | XOM: enchant monster (good)
 10625 | Lair:2   | XOM: enchant monster (bad)
 10628 | Lair:2   | Noticed a skyshark
 10633 | Lair:2   | Noticed a six-headed hydra
 10635 | Lair:2   | Reached skill level 1 in Staves
 10635 | Lair:2   | Reached skill level 1 in Necromancy
 10648 | Lair:2   | Quit the game

Vanquished Creatures
  Urug (Lair:2)
  A black mamba (Lair:1)
  2 cane toads (Lair:1)
  A komodo dragon (Lair:1)
  A troll (D:8)
  3 blink frogs (Lair:2)
  Sigmund (D:4)
  A vampire (D:9)
  A wyvern (D:7)
  2 basilisks
  9 yaks
  A steam dragon (Lair:1)
  9 water moccasins
  A black bear (D:9)
  An orc warrior (D:6)
  2 ice beasts (D:8)
  3 sky beasts
  2 ogres
  6 wolves (Lair:1)
  3 centaurs
  A phantom (D:7)
  A kobold brigand (D:8)
  7 bullfrogs
  2 scorpions
  5 wights (D:7)
  13 killer bees
  5 electric eels (D:8)
  A howler monkey (D:4)
  4 bombardier beetles (D:5)
  A jelly (D:6)
  4 orc priests
  A gnoll bouda (D:7)
  A hound (D:6)
  5 iguanas
  2 sleepcaps
  Ijyb (D:5)
  5 orc wizards
  Robin (D:2)
  11 gnolls
  12 adders
  2 river rats
  2 shadow imps
  2 ribbon worms
  4 dart slugs
  23 orcs
  16 ball pythons
  5 endoplasms
  12 goblins
  10 hobgoblins
  6 jackals (D:1)
  15 kobolds
  4 quokkas
  3 bats
  5 frilled lizards
  17 rats
260 creatures vanquished.

Vanquished Creatures (collateral kills)
  A komodo dragon (Lair:1)
  A polar bear (Lair:1)
  A hornet (Lair:2)
  2 blink frogs (Lair:2)
  A water moccasin (Lair:1)
  An orc warrior (D:8)
  3 killer bees
  An iguana (D:4)
  2 orcs (D:6)
  A frilled lizard (Sewer)
14 creatures vanquished.

Vanquished Creatures (others)
  A steam dragon (D:8)
  3 killer bees (D:9)
  A gnoll bouda (D:7)
  A gnoll (D:7)
6 creatures vanquished.

Grand Total: 280 creatures vanquished

Table legend: (Time is in decaauts)
 A = Elapsed time spent in this place.
 B = Non-inter-level travel time spent in this place.
 C = Inter-level travel time spent in this place.
 D = Time resting spent in this place.
 E = Time spent auto-exploring this place.
 F = Levels seen in this place.
 G = Mean time per level.
                   A        B        C        D        E       F      G
               +--------+--------+--------+--------+--------+-----+--------+
         Total |  10621 |  10299 |    322 |   1232 |   7320 |  12 |  885.1 |
       Dungeon |   8440 |   8194 |    246 |    707 |   6181 |   9 |  937.8 |
          Lair |   1875 |   1800 |     75 |    525 |    989 |   2 |  937.5 |
         Sewer |    305 |    305 |      0 |      0 |    150 |   1 |  305.0 |
               +--------+--------+--------+--------+--------+-----+--------+

Top non-repeatable levels by time:
     D:8: 1754 daAuts
     D:7: 1606 daAuts
  Lair:1: 1591 daAuts
     D:6: 948 daAuts
     D:5: 806 daAuts
     D:3: 761 daAuts
     D:4: 710 daAuts
     D:1: 687 daAuts
     D:2: 592 daAuts
     D:9: 574 daAuts
   Sewer: 305 daAuts
  Lair:2: 283 daAuts

Table legend:
 A = Non-vault XP
 B = Vault XP
 C = Vault XP percentage of total XP
 D = Non-vault monster count
 E = Vault monster count
 F = Vault count percentage of total count
                 A         B        C        D         E       F
            +---------+---------+-------+---------+---------+-------
      Total |   14125 |    2058 |  12.7 |     217 |      60 |  21.7
            +---------+---------+-------+---------+---------+-------
        D:1 |      49 |       0 |   0.0 |      25 |       0 |   0.0
        D:2 |      93 |      54 |  36.7 |      20 |      15 |  42.9
        D:3 |      96 |       0 |   0.0 |      13 |       0 |   0.0
        D:4 |     403 |     232 |  36.5 |      18 |       4 |  18.2
        D:5 |     434 |      36 |   7.7 |       9 |       1 |  10.0
        D:6 |     699 |       0 |   0.0 |      20 |       0 |   0.0
        D:7 |    1601 |       0 |   0.0 |      26 |       0 |   0.0
        D:8 |    2167 |       0 |   0.0 |      36 |       0 |   0.0
        D:9 |     862 |     630 |  42.2 |      13 |       4 |  23.5
     Lair:1 |    5154 |       0 |   0.0 |      26 |       0 |   0.0
     Lair:2 |    2567 |     790 |  23.5 |      11 |       1 |   8.3
      Sewer |       0 |     316 | 100.0 |       0 |      35 | 100.0
            +---------+---------+-------+---------+---------+-------
